 Dungeon Crawl Stone Soup version 0.31.0-9-g3a7656b989 (webtiles) character file.

Game seed: 10300174784558502796

110 qw the Ducker (level 4, -1/22 HPs)
             Began as a Spriggan Hunter on Feb 2, 2024.
             Killed by divine providence
             ... invoked by an orc priest
              (17 damage)
             ... on level 3 of the Dungeon.
             The game lasted 00:00:06 (1803 turns).

qw the Ducker (Spriggan Hunter)                     Turns: 1803, Time: 00:00:07

Health: -1/22      AC:  3    Str:  7    XL:     4   Next: 61%
Magic:  5/5        EV: 22    Int: 10    God:
Gold:   65         SH:  0    Dex: 26    Spells: 3/3 levels left

rFire   . . .        a - +0 shortbow
rCold   . . .        (shield currently unavailable)
rNeg    . . .        c - +0 robe
rPois   .            (helmet restricted)
rElec   .            e - +0 cloak
rCorr   .            (gloves unavailable)
SInv    +            (boots unavailable)
Will    .....        (no amulet)
Stlth   ++           g - +6 ring of dexterity
HPRegen 0.23/turn    (no ring)
MPRegen 0.09/turn

%: no passive effects
@: very quick
A: very small, no large weapons, unfitting armour, see invisible, speed 3
a: no special abilities


You were on level 3 of the Dungeon.
You visited 1 branch of the dungeon, and saw 3 of its levels.

You collected 89 gold pieces.
You spent 24 gold pieces at shops.


Innate Abilities, Weirdness & Mutations

You are very small and have problems with some larger weapons.
You are too small for most types of armour.
You have supernaturally acute eyesight. (SInv)
You cover ground extremely quickly. (Speed+++)


   Skills:
 - Level 1.5 Fighting
 + Level 4.7 Ranged Weapons
 - Level 5.5 Dodging
 - Level 1.5 Stealth


You had 3 spell levels left.
You didn't know any spells.
Your spell library was empty.

Inventory:

Hand Weapons
 a - a +0 shortbow (weapon)
Armour
 c - a +0 robe (worn)
 e - a +0 cloak (worn)
Jewellery
 d - a +4 ring of protection
 g - a +6 ring of dexterity (left hand)
Scrolls
 i - 2 scrolls of identify
 j - a scroll of enchant weapon {unknown}
Potions
 b - a potion of enlightenment
 f - a potion of mutation
 h - 2 potions of curing {unknown}
 k - a potion of heal wounds {unknown}

Dungeon Overview and Level Annotations

Branches:
Dungeon (3/15)

Altars:
Qazlal

Shops:
D:3 ?


Message History

You kill the ball python!
You see here a ball python corpse.
You see here a ball python corpse.
There is an open door here.
You open the door.
An orc priest, 2 orcs and 2 orc wizards come into view.
The orc priest shouts!
The orc shouts!
Found 57 gold pieces.
Found a roughly hewn altar of Beogh.
Enter note:
Enter note:
Enter note:
Enter note:
Enter note:
Enter note:
Enter note:
Enter note:
Enter note:
Enter note:
Enter note:
Enter note:
Enter note:
1799 ||| RETREEEEATING.
The orc wizard shouts!
You shoot an arrow. The orc shouts!
The orc wizard shouts!
The arrow hits the orc!
You kill the orc!
The orc wizard gestures at you while chanting.
The magic dart hits you.
You shoot an arrow. The arrow hits the orc wizard!
The orc wizard is severely wounded.
You shoot an arrow.
The arrow closely misses the orc wizard.
You shoot an arrow. The arrow hits the orc wizard.
The orc wizard is lightly wounded.
The orc wizard completely misses you.
The orc priest calls down the wrath of Beogh upon you.
Beogh smites you!
Ouch! That really hurt!
You die...

######.............<# #.#
.......########.##### #.#
#####...#######'#### #.#
#####..............# #.#
...................####.#
.>.................'....#
........)#####.....###.##
#'#####.##.$.##....# #.#
#..# #.#$8.8.#o@..# #.##
##.# #.#_$$oo'....###..#
##.####.#.8$8o#.........#
#.....+.##$$.##....#'#..##
...####..#####.....#.#%..#
#....##............#.#.#.#
#.#.#.#............#.#...#
.#%#.#............##.##..#
#.#.#.#.#+#+#'###.#.. #..#


You could see an orc priest, 2 orc wizards and an orc.

Vanquished Creatures
  A hound (D:3)
  3 dart slugs (D:1)
  7 orcs
  4 endoplasms
  2 giant cockroaches (D:3)
  2 goblins
  8 hobgoblins
  5 jackals
  8 kobolds
  3 quokkas
  3 ball pythons (D:3)
  9 bats
  3 frilled lizards
  3 rats (D:1)
61 creatures vanquished.

Notes
Turn   | Place    | Note
-------+----------+-------------------------------------------
     0 | D:1      | qw the Spriggan Hunter began the quest for the Orb.
     0 | D:1      | Reached XP level 1. HP: 10/10 MP: 2/2
     0 | D:1      | 0 ||| qw: Version: 0.3-a-155-g5e7d8dd
     0 | D:1      | 0 ||| qw: Game counter: 2510
     0 | D:1      | 0 ||| qw: Melee chars always use a shield: true
     0 | D:1      | 0 ||| qw: God list: Okawaru
     0 | D:1      | 0 ||| qw: Allow faded altars: false
     0 | D:1      | 0 ||| qw: Do Orc after clearing Dungeon:15 true
     0 | D:1      | 0 ||| qw: Do second Lair branch before Depths: true
     0 | D:1      | 0 ||| qw: Lair rune preference: random
     0 | D:1      | 0 ||| qw: Goals: Normal
     0 | D:1      | 0 ||| PLANNING D:1-11
     8 | D:1      | Reached skill level 3 in Dodging
    57 | D:1      | Reached XP level 2. HP: 14/14 MP: 3/3
   101 | D:1      | Reached skill level 4 in Dodging
   198 | D:1      | You fall into a shaft and drop 1 floor!
   205 | D:2      | Reached XP level 3. HP: 18/18 MP: 4/4
   400 | D:2      | 400 ||| UPGRADING to +0 cloak.
   405 | D:2      | 405 ||| DROPPING amulet of magic regeneration.
   406 | D:2      | 406 ||| DROPPING scroll of butterflies.
   562 | D:1      | Found a faded altar of an unknown god.
   651 | D:1      | 651 ||| DROPPING ring of wizardry.
   652 | D:1      | 652 ||| UPGRADING to +6 ring of dexterity.
   653 | D:1      | 653 ||| READING 3 scrolls labelled XERURO FUAXT.
   653 | D:1      | 653 ||| IDENTIFYING fizzy sapphire potion
   654 | D:1      | 654 ||| DROPPING potion of degeneration.
  1139 | D:2      | 1139 ||| READING 2 scrolls of identify.
  1139 | D:2      | 1139 ||| IDENTIFYING glowing brown potion
  1140 | D:2      | 1140 ||| READING scroll of identify.
  1140 | D:2      | 1140 ||| IDENTIFYING fizzy orange potion
  1141 | D:2      | 1141 ||| READING scroll labelled KUOTONL QESTRUUZEG.
  1142 | D:2      | 1142 ||| READING scroll labelled BENESE WE RALO.
  1216 | D:3      | Found a stormy altar of Qazlal.
  1307 | D:3      | Found Leawn's Magic Scroll Shoppe.
  1334 | D:3      | 1334 ||| SHOPLISTING scroll of enchant weapon (90 gold,
                  | have 76).
  1334 | D:3      | 1334 ||| BUYING scroll of identify (24 gold).
  1334 | D:3      | Bought a scroll of identify for 24 gold pieces
  1370 | D:3      | Reached XP level 4. HP: 22/22 MP: 5/5
  1603 | D:3      | Reached skill level 5 in Dodging
  1799 | D:3      | 1799 ||| RETREEEEATING.
  1803 | D:3      | Killed from afar by an orc priest

Levels and vault maps discovered:
D:1:      lightli_arrival_chessboard, layout_rooms,
          shapermc_ecumenical_altar_mp_highgroup
D:2:      layout_basic, minmay_pentomino_s2
D:3:      layout_basic, mainiacjoe_overflow_surrounded_room, serial_shops,
          nicolae_shop_hallway_plus, serial_bayou, serial_bayou_shore_b,
          serial_bayou_crossing, serial_bayou_pond_a, serial_bayou_lake_a,
          serial_bayou_lagoon_a, reono_crystal_passage, kennysheep_orc_chapel

Skill      XL: |  1  2  3  4 |
---------------+-------------+-----
Dodging        | 3 4 5 |  5.5
Fighting       | |  1.5
Ranged Weapons | |  4.7
Stealth        | |  1.5

Action                     |  1- 3 |  4- 6 || total
---------------------------+-------+-------++-------
   Fire: Shortbow          |   102 |    27 ||   129
    Use: Scroll            |     5 |       ||     5
 Armour: Robe              |     7 |     3 ||    10
  Dodge: Dodged            |    23 |     9 ||    32

Table legend:
 A = Non-vault XP
 B = Vault XP
 C = Vault XP percentage of total XP
 D = Non-vault monster count
 E = Vault monster count
 F = Vault count percentage of total count
                 A         B        C        D         E       F
            +---------+---------+-------+---------+---------+-------
      Total |     154 |       4 |   2.5 |      59 |       2 |   3.3
            +---------+---------+-------+---------+---------+-------
        D:1 |      55 |       0 |   0.0 |      30 |       0 |   0.0
        D:2 |      21 |       1 |   4.5 |      10 |       1 |   9.1
        D:3 |      78 |       3 |   3.7 |      19 |       1 |   5.0
            +---------+---------+-------+---------+---------+-------
